 Dungeon Crawl Stone Soup version 0.25-a0-105-g2289b3b9f1 (webtiles) character file.

Game seed: 3127019398733323904, levelgen mode: deterministic

3774 DavidChitty2 the Cleaver (level 10, -3/90 HPs)
             Began as a Hill Orc Fighter on Nov 16, 2019.
             Was a Follower of Sif Muna.
             Slain by a five-headed hydra (10 damage)
             ... on level 8 of the Dungeon.
             The game lasted 00:11:24 (7910 turns).

DavidChitty2 the Cleaver (Hill Orc Fighter)         Turns: 7910, Time: 00:11:24

Health: -3/90      AC: 13    Str: 23    XL:     10   Next: 16%
Magic:  12/12      EV:  4    Int:  8    God:    Sif Muna [*.....]
Gold:   473        SH: 16    Dex: 10    Spells: 9/9 levels left

rFire    . . .     SeeInvis .   b - +4 spear
rCold    . . .     Gourm    .   g - +0 large shield (curse)
rNeg     . . .     Faith    .   t - +0 chain mail
rPois    .         Spirit   .   (no helmet)
rElec    .         Reflect  .   m - +1 cloak
rCorr    .         Harm     .   (no gloves)
MR       .....                  (no boots)
Stlth    ..........             (no amulet)
HPRegen  0.25/turn              (no ring)
MPRegen  0.13/turn              (no ring)

@: no status effects
A: no striking features
a: Channel Magic, Renounce Religion


You were on level 8 of the Dungeon.
You worshipped Sif Muna.
Sif Muna was aware of your devotion.
You were not hungry.

You visited 2 branches of the dungeon, and saw 9 of its levels.
You also visited: Ossuary.

You collected 473 gold pieces.

Inventory:

Hand Weapons
 a - a +0 broad axe
   (You found it on level 8 of the Dungeon)
 b - a +4 spear (weapon)
   (You took it off a wight on level 6 of the Dungeon)
Armour
 f - a +0 scale mail
 g - a cursed +0 large shield (worn)
   (You found it on level 1 of the Dungeon)
 m - a +1 cloak (worn)
   (You found it on level 2 of the Dungeon)
 t - a +0 chain mail (worn)
   (You took it off an orc on level 4 of the Dungeon)
Scrolls
 h - a scroll of enchant armour
 i - a scroll of identify {@r1}
 j - 3 scrolls of remove curse {@r2}
 n - 4 scrolls of teleportation {@r4}
Potions
 c - a potion of berserk rage
 d - 3 potions of might
 k - a potion of heal wounds {@q2}
 l - a potion of agility
 o - 3 potions of invisibility {unknown}
 p - a potion of magic
 q - 2 potions of curing {@q1}
 r - a potion of ambrosia {unknown}
 s - a potion of mutation {!q}
 u - a potion of lignification {unknown}
 w - a potion of cancellation {unknown}
Comestibles
 e - 17 rations {!d}
 v - 5 chunks of flesh


   Skills:
 + Level 8.4 Fighting
 * Level 11.6 Axes
 + Level 7.6 Armour
 + Level 7.7 Shields
 + Level 3.1 Invocations


You had 9 spell levels left.
You didn't know any spells.
Your spell library contained the following spells:

 Spells                   Type           Power        Failure   Level  Hunger
 Animate Skeleton         Necr           N/A          100%        1    ##.....
 Apportation              Tloc           #.....       100%        1    ##.....
 Confusing Touch          Hex            #.....       100%        1    ##.....
 Summon Small Mammal      Summ           #...         100%        1    ##.....


Dungeon Overview and Level Annotations

Branches:
Dungeon (8/15)             Temple (1/1) D:7         Ossuary (visited)
   Lair: D:8-11

Altars:
Ashenzari
Cheibriados
Dithmenos
Elyvilon
Fedhas
Gozag
Hepliaklqana
Kikubaaqudgha
Makhleb
Nemelex Xobeh
Okawaru
Qazlal
Ru
Sif Muna
Trog
Uskayaw
Vehumet
Wu Jian
Zin
The Shining One


Message History

You block the five-headed hydra's attack.
The five-headed hydra bites you but does no damage.
You block the five-headed hydra's attack.
The five-headed hydra bites you but does no damage.
The five-headed hydra bites you!
Your shield and chain mail prevent you from hitting the five-headed hydra.
The five-headed hydra barely misses you.
The five-headed hydra bites you.
The five-headed hydra bites you but does no damage.
You block the five-headed hydra's attack.
The five-headed hydra bites you but does no damage.
You hit the five-headed hydra. The five-headed hydra bites you.
* * * LOW HITPOINT WARNING * * *
You block the five-headed hydra's attack.
The five-headed hydra bites you but does no damage. x2
The five-headed hydra bites you.
* * * LOW HITPOINT WARNING * * *
You puncture the five-headed hydra!
You block the five-headed hydra's attack. x2
The five-headed hydra bites you.
* * * LOW HITPOINT WARNING * * *
The five-headed hydra barely misses you.
You block the five-headed hydra's attack.
You hit the five-headed hydra. The five-headed hydra bites you.
* * * LOW HITPOINT WARNING * * *
The five-headed hydra closely misses you.
You block the five-headed hydra's attack. x2
The five-headed hydra barely misses you.
You hit the five-headed hydra.
You block the five-headed hydra's attack.
The five-headed hydra bites you but does no damage.
The five-headed hydra bites you!
* * * LOW HITPOINT WARNING * * *
You block the five-headed hydra's attack.
The five-headed hydra bites you!
* * * LOW HITPOINT WARNING * * *
You barely miss the five-headed hydra.
You block the five-headed hydra's attack. x3
The five-headed hydra bites you but does no damage. x2
Your shield and chain mail prevent you from hitting the five-headed hydra.
You block the five-headed hydra's attack. x2
The five-headed hydra bites you!
* * * LOW HITPOINT WARNING * * *
The five-headed hydra barely misses you.
You block the five-headed hydra's attack.
You hit the five-headed hydra.
The five-headed hydra bites you but does no damage.
You block the five-headed hydra's attack.
The five-headed hydra bites you!
You die...

### ### ##.## #.. ##...##
#.# ########.....## #.# ##
..............#####.# ..
####.###........@Dc.##.###..
####.# ##...#######.(.......
...).# #..............###..
###### ###########.#### #.#
.. ..# ## #.# #### .# #.# .#
#.#


You could see a five-headed hydra and a centaur.

Vanquished Creatures
  An ugly thing (D:7)
  A hornet (D:7)
  Grinder (D:6)
  A spriggan (D:7)
  Sigmund (D:2)
  Eustachio (D:6)
  2 ice beasts
  2 sky beasts
  A phantom (D:4)
  An orc warrior (D:6)
  2 ogres
  6 water moccasin zombies (Ossuary)
  A wyvern skeleton (D:6)
  3 scorpions
  3 wights (D:6)
  3 crimson imps
  A centaur zombie (D:7)
  2 bullfrog zombies
  A jelly (D:5)
  A centaur skeleton (D:5)
  A hound (D:8)
  Crazy Yiuf (D:2)
  2 orc priests
  2 orc wizards
  A bullfrog skeleton (D:5)
  A gnoll shaman (D:8)
  3 iguanas
  2 worker ants
  2 big kobold zombies (Ossuary)
  2 mummies (Ossuary)
  A hound skeleton (D:6)
  A worker ant zombie (D:5)
  7 gnolls
  14 adders
  3 shadow imps
  5 oozes
  An adder skeleton (D:6)
  10 adder zombies
  2 worms
  A dart slug (D:1)
  4 leopard geckos
  25 orcs
  2 ball pythons
  4 giant cockroaches
  3 gnoll zombies (Ossuary)
  9 goblins
  9 hobgoblins
  13 jackals
  5 kobolds
  3 quokkas
  7 bats
  6 frilled lizards
  5 hobgoblin zombies (Ossuary)
  2 kobold zombies (Ossuary)
  A leopard gecko skeleton (D:7)
  9 orc zombies (Ossuary)
  A quokka zombie (D:4)
  11 rats
  2 rat zombies (D:4)
218 creatures vanquished.

Notes
Turn   | Place    | Note
-------+----------+-------------------------------------------
     0 | D:1      | DavidChitty2 the Hill Orc Fighter began the quest for the
                  | Orb.
     0 | D:1      | Reached XP level 1. HP: 19/19 MP: 1/1
   149 | D:1      | Reached skill level 3 in Axes
   263 | D:1      | Reached XP level 2. HP: 26/27 MP: 2/2
   651 | D:1      | Reached XP level 3. HP: 33/33 MP: 3/3
   852 | D:2      | Noticed Sigmund
   879 | D:2      | Killed Sigmund
   879 | D:2      | Reached skill level 5 in Axes
   879 | D:2      | Reached XP level 4. HP: 14/41 MP: 4/4
   879 | D:2      | Reached XP level 5. HP: 16/47 MP: 5/5
  1233 | D:2      | Reached XP level 6. HP: 45/53 MP: 6/6
  1348 | D:2      | Found a runed translucent door.
  1349 | D:2      | Noticed Crazy Yiuf
  1508 | D:2      | Killed Crazy Yiuf
  1911 | D:3      | Reached skill level 5 in Fighting
  2014 | D:3      | Found a glowing silver altar of Zin.
  2061 | D:3      | Reached skill level 6 in Axes
  2477 | D:4      | Found a glowing golden altar of the Shining One.
  2521 | D:4      | Noticed a phantom
  2566 | D:4      | Killed a phantom
  2566 | D:4      | Reached XP level 7. HP: 36/61 MP: 7/7
  2749 | D:4      | Found a sand-covered staircase.
  2757 | Ossuary  | Entered an ossuary
  2801 | Ossuary  | Reached skill level 5 in Shields
  2820 | Ossuary  | Reached skill level 5 in Armour
  2857 | Ossuary  | Reached skill level 7 in Axes
  3049 | Ossuary  | Reached XP level 8. HP: 61/70 MP: 8/8
  3247 | D:4      | Reached skill level 8 in Axes
  3471 | D:5      | Entered Level 5 of the Dungeon
  3828 | D:5      | Found a sacrificial altar of Ru.
  4023 | D:5      | Reached skill level 9 in Axes
  4246 | D:6      | Noticed Eustachio
  4466 | D:6      | Killed Eustachio
  4471 | D:6      | Found an opulent altar of Gozag.
  4507 | D:6      | Reached XP level 9. HP: 78/78 MP: 9/9
  5155 | D:6      | Noticed Grinder
  5164 | D:6      | Paralysed by Grinder for 4 turns
  5179 | D:6      | Paralysed by Grinder for 5 turns
  5187 | D:6      | Killed Grinder
  5187 | D:6      | Reached skill level 10 in Axes
  5795 | D:7      | Noticed a hornet
  5805 | D:7      | Killed a hornet
  6136 | D:7      | Found a staircase to the Ecumenical Temple.
  6166 | Temple   | Entered the Ecumenical Temple
  6225 | Temple   | Became a worshipper of Sif Muna the Loreminder
  6252 | D:7      | Reached skill level 1 in Invocations
  6536 | D:7      | Reached skill level 11 in Axes
  7096 | D:8      | Found a snail-covered altar of Cheibriados.
  7107 | D:8      | Noticed a brown ugly thing
  7383 | D:7      | Killed a brown ugly thing
  7383 | D:7      | Reached XP level 10. HP: 20/88 MP: 10/12
  7753 | D:8      | Found a white marble altar of Elyvilon.
  7801 | D:8      | Reached * piety under Sif Muna
  7893 | D:8      | Noticed a five-headed hydra
  7910 | D:8      | Slain by a five-headed hydra

Levels and vault maps discovered:
D:1:      eino_arrival_cavern_e, layout_basic
D:2:      layout_rooms, first_ration, uniq_sigmund, uniq_crazy_yiuf_cottage
D:3:      layout_loops_ring, marbit_many_paths
D:4:      layout_basic, enter_ossuary_4, kennysheep_minor_cross, tso_metal_star
D:5:      layout_cave_pools, lemuel_round_altar, serial_undead, serial_undead_c,
          serial_undead_e, serial_undead_c, serial_undead_a,
          ebering_dispersal_statue_hall
D:6:      layout_basic, kennysheep_little_box, uniq_grinder, uniq_eustachio
D:7:      layout_gridville, minmay_temple_entry_butterflies, the_bakery
D:8:      layout_loops_ring, old_standard_altar, kennysheep_mini
Temple:   eino_wide_crystal_templ

Skill      XL: |  1  2  3  4  5  6  7  8  9 10 |
---------------+-------------------------------+-----
Axes           | 3 5 6 7 9 11 | 11.6
Fighting       | 4 5 6 8 |  8.4
Armour         | 4 5 6 7 |  7.6
Shields        | 4 5 6 7 |  7.7
Invocations    | 2 3 |  3.1

Action                   |  1- 3 |  4- 6 |  7- 9 | 10-12 || total
-------------------------+-------+-------+-------+-------++-------
Melee: War axe           |    95 |   205 |   602 |    17 ||   919
       Broad axe         |       |       |       |    44 ||    44
       Spear             |       |       |       |    12 ||    12
  Use: Potion            |     1 |       |       |       ||     1
       Scroll            |       |     7 |     7 |       ||    14
  Eat: Chunk             |       |     6 |    12 |       ||    18
       Ration            |       |       |     1 |     1 ||     2
Armor: Scale mail        |    40 |    54 |    95 |       ||   189
       Chain mail        |       |       |    88 |    32 ||   120
Dodge: Dodged            |    22 |    34 |    68 |     8 ||   132
Block: Large shield      |    91 |   158 |   446 |    73 ||   768

Table legend:
 A = Non-vault XP
 B = Vault XP
 C = Vault XP percentage of total XP
 D = Non-vault monster count
 E = Vault monster count
 F = Vault count percentage of total count
                 A         B        C        D         E       F
            +---------+---------+-------+---------+---------+-------
      Total |    3754 |    1638 |  30.4 |     170 |      48 |  22.0
            +---------+---------+-------+---------+---------+-------
        D:1 |      42 |       0 |   0.0 |      24 |       0 |   0.0
        D:2 |     117 |     245 |  67.7 |      25 |       2 |   7.4
        D:3 |      98 |       2 |   2.0 |      26 |       1 |   3.7
        D:4 |     250 |       2 |   0.8 |      19 |       2 |   9.5
        D:5 |     610 |      70 |  10.3 |      23 |       4 |  14.8
        D:6 |     629 |     474 |  43.0 |      21 |       2 |   8.7
        D:7 |    1505 |     224 |  13.0 |      19 |       1 |   5.0
        D:8 |     503 |       0 |   0.0 |      13 |       0 |   0.0
    Ossuary |       0 |     621 | 100.0 |       0 |      36 | 100.0
            +---------+---------+-------+---------+---------+-------
